Match 46992011
Unlisted

Match 46992011
End
Kettenkrad Recon Vehicle
Construct Infanterie Kompanie
Selects Italian Coastal Battlegroup
Selects Italian Coastal Battlegroup
Selects Coastal Reserves
Coastal Reserve
MG 42 Machine Gun Team
Medical Station
GrW 34 Mortar Team
Selects Artillery Officer
Construct Panzergrenadier Kompanie
Support Elements
Coastal Reserve
Nebelwerfer 42 Rocket Launcher Team
Selects Support Bunkers
Medical Bunker
Pak 40 Anti-tank Gun Team
Artillery Officer
Construct Panzer Kompanie
Pioneer Squad
Selects Coastal Wall
Kimchi Man
M8 Rex
保持心态
alldl4
PABLO FLEXCOBAR
JVM
Shaka
木头做的鱼
0
0

Comments sign in to comment!

No comments posted yet!